 Dungeon Crawl Stone Soup version 0.29.0-11-gd7f09526c8 (webtiles) character file.

Game seed: 11640059382525780252

1354 Anothat the Skirmisher (level 8, 0/102 HPs)
             Began as a Barachi Hunter on Sept 4, 2022.
             Was a Follower of Cheibriados.
             Succumbed to an orc wizard's poison
             ... in the Ecumenical Temple.
             The game lasted 00:21:54 (7470 turns).

Anothat the Skirmisher (Barachi Hunter)             Turns: 7470, Time: 00:21:55

Health: 0/102      AC: 24    Str: 14    XL:     8   Next: 63%
Magic:  8/8        EV:  2    Int: 13    God:    Cheibriados [*.....]
Gold:   80         SH:  0    Dex: 19    Spells: 7/7 levels left

rFire   . . .      SeeInvis +   g - +8 rapier "Lala" {vorpal, Drain rPois SInv Stlth+}
rCold   . . .      Faith    .   (no shield)
rNeg    . . .      Spirit   .   (body armour currently unavailable)
rPois   +          Reflect  .   (helmet currently unavailable)
rElec   .          Harm     .   (cloak currently unavailable)
rCorr   .          Rampage  .   (gloves currently unavailable)
Will    .....      NoTele   +   (boots currently unavailable)
Stlth   ++........              m - amulet of the acrobat
HPRegen 0.27/turn               (no ring)
MPRegen 0.11/turn               (no ring)

@: confused, lethally poisoned (0 -> -12), tree-form, very slow
A: stationary, stasis, torment immunity, boosted hp, (amphibious), (slowness 1),
(strong legs 1), +LOS, screaming 1
a: Renounce Religion, Bend Time


You were in the Ecumenical Temple.
You worshipped Cheibriados.
Cheibriados was aware of your devotion.
You were a tree.
You visited 2 branches of the dungeon, and saw 6 of its levels.

You collected 332 gold pieces.
You spent 252 gold pieces at shops.

Inventory:

Hand Weapons
 a - a +1 shortbow
 g - the +8 rapier "Lala" (weapon) {vorpal, Drain rPois SInv Stlth+}
   (You bought it in a shop on level 4 of the Dungeon)

   It inflicts extra damage upon your enemies.
   rPois:     It protects you from poison.
   SInv:      It lets you see invisible.
   Drain:     It drains your maximum health when unequipped.
   Stlth:     It makes you more stealthy.
 o - a +0 rapier
Missiles
 t - 5 boomerangs
Armour
 c - a +0 leather armour
 f - a +0 scale mail of cold resistance
 j - a +1 cloak (melded)
 l - a +0 plate armour (melded)
 p - a +2 pair of gloves (melded)
Jewellery
 m - an amulet of the acrobat (around neck)
Scrolls
 b - a scroll of immolation
 e - a scroll of amnesia
 h - a scroll of enchant weapon
 i - 4 scrolls of magic mapping
Potions
 d - 2 potions of attraction
 k - 2 potions of degeneration
 r - 4 potions of lignification


   Skills:
 + Level 7.7 Fighting
 - Level 3.0(3.5) Short Blades
 + Level 2.8(3.6) Long Blades
 + Level 8.2 Ranged Weapons
 - Level 2.1 Dodging
 - Level 0.8 Stealth


You had 7 spell levels left.
You didn't know any spells.
Your spell library contained the following spells:

 Spells                   Type           Power      Damage    Failure   Level
 Apportation              Tloc           0%         N/A       30%         1
 Necrotise                Necr           0%         1d4       30%         1
 Summon Small Mammal      Summ           0%         N/A       30%         1
 Call Canine Familiar     Summ           0%         N/A       67%         3
 Gell's Gravitas          Tloc           0%         N/A       67%         3
 Portal Projectile        Hex/Tloc       0%         N/A       67%         3
 Teleport Other           Tloc           0%         N/A       67%         3
 Leda's Liquefaction      Hex/Erth       0%         N/A       97%         4
 Dispersal                Tloc           0%         N/A       100%        6


Dungeon Overview and Level Annotations

Branches:
Dungeon (5/15)             Temple (1/1) D:5

Altars:
Cheibriados
Dithmenos
Elyvilon
Fedhas
Gozag
Hepliaklqana
Kikubaaqudgha
Makhleb
Nemelex Xobeh
Okawaru
Qazlal
Ru
Sif Muna
Trog
Vehumet
Wu Jian
Xom
Yredelemnul
Zin
The Shining One

Shops:
D:4 [((!

Annotations:
D:3 1 runed translucent door, Crazy Yiuf


Innate Abilities, Weirdness & Mutations

You are a tree.
Your roots penetrate the ground, keeping you stationary.
You cannot be teleported.
You are immune to unholy pain and torment.
Your maximum health is greatly increased.
Your equipment is partially melded.
((You are amphibious.))
((You cover ground slowly.))
((You can hop short distances.))
You have an extended range of vision and can be seen from far away.
You occasionally shout uncontrollably at your foes.


Message History

You shoot an arrow.
* * * LOW HITPOINT WARNING * * *
You feel very sick.
You hear some strange, mumbled words.
A puff of flame appears from out of thin air!
The puff of flame hits you but does no damage.
Non-targeted confused fire: a) +1 shortbow
Press: ? - help, Dir - look around, f - activate You shoot an arrow.
* * * LOW HITPOINT WARNING * * *
You feel very sick. Something hits you.
* * * LOW HITPOINT WARNING * * *
You are more poisoned.
Something hits you but does no damage.
Okay, then.
Non-targeted confused fire: a) +1 shortbow
Press: ? - help, Dir - look around, f - activate You shoot an arrow.
* * * LOW HITPOINT WARNING * * *
You feel very sick. Something hits you but does no damage.
Non-targeted confused fire: a) +1 shortbow
Press: ? - help, Dir - look around, f - activate You shoot an arrow.
Cheibriados appreciates the change of pace.
Reactivating autopickup.
You feel a bit more experienced.
* * * LOW HITPOINT WARNING * * *
You feel very sick.
Really quaff the potion of lignification?
You are stuck in your current form!
You are too confused!
Okay, then.
Okay, then.
You are too confused!
Your armour is currently melded into you.
Really wield
g - the +8 rapier "Lala" {vorpal, Drain rPois SInv Stlth+}?
g - the +8 rapier "Lala" (weapon)
{vorpal, Drain rPois SInv Stlth+} You die...

♣≈................
♣≈#.#.#.#.#.#.#.#.
♣≈................
♣≈#.##############
♣≈..#...8.........
♣≈#.#.............
♣≈..#..._.._.._.._
♣≈#...............
♣♣)....._.._.._.._
♣≈#...............
♣≈..#..._.._.._.._
♣≈#.#.............
♣≈..#...8.........
♣≈#.##############
♣≈................
♣≈#.#.#.#.#.#.#.#.
♣≈................


There were no monsters in sight!

Vanquished Creatures
  Sigmund (D:3)
  Eustachio (D:5)
  A black bear (D:4)
  2 ogres (D:5)
  A phantom (D:4)
  A necrophage (D:4)
  A scorpion (D:5)
  A howler monkey (D:5)
  A hound (D:4)
  An orc priest (D:4)
  2 iguanas
  A jelly (D:4)
  A gnoll bouda (D:4)
  4 orc wizards
  14 gnolls
  7 adders
  An ufetubus (D:4)
  2 worms (D:2)
  4 dart slugs
  12 orcs
  11 endoplasms
  3 giant cockroaches (D:3)
  9 goblins
  4 hobgoblins
  2 jackals (D:2)
  8 kobolds
  5 quokkas
  10 ball pythons
  3 bats
  4 frilled lizards
  12 rats
130 creatures vanquished.

Notes
Turn   | Place    | Note
-------+----------+-------------------------------------------
     0 | D:1      | Anothat the Barachi Hunter began the quest for the Orb.
     0 | D:1      | Reached XP level 1. HP: 17/17 MP: 1/1
   180 | D:1      | Reached XP level 2. HP: 23/23 MP: 2/2
  1111 | D:2      | Reached XP level 3. HP: 29/29 MP: 3/3
  1474 | D:2      | Reached skill level 5 in Ranged Weapons
  1546 | D:2      | Reached XP level 4. HP: 31/35 MP: 4/4
  1893 | D:2      | Found a faded altar of an unknown god.
  2069 | D:3      | Noticed Sigmund
  2528 | D:3      | Reached XP level 5. HP: 42/42 MP: 5/5
  2746 | D:3      | Killed Sigmund
  2747 | D:3      | Reached skill level 6 in Ranged Weapons
  2747 | D:3      | Reached XP level 6. HP: 31/50 MP: 6/6
  2976 | D:3      | Found a runed translucent door.
  2977 | D:3      | Noticed Crazy Yiuf
  3370 | D:4      | Noticed a black bear
  3388 | D:4      | Killed a black bear
  3389 | D:4      | Reached skill level 5 in Fighting
  3777 | D:4      | Found Omecs's Antique Armour Shoppe.
  3935 | D:4      | Reached XP level 7. HP: 57/57 MP: 7/7
  3975 | D:4      | Reached skill level 7 in Ranged Weapons
  4311 | D:4      | Found Cesupt's Weapon Shoppe.
  4329 | D:4      | Found Foyl's Antique Weapon Shoppe.
  4338 | D:4      | Bought an ivory rapier for 252 gold pieces
  4338 | D:4      | Identified the +8 rapier "Lala" {vorpal, Drain rPois SInv
                  | Stlth+} (You bought it in a shop on level 4 of the Dungeon)
  4383 | D:4      | Reached skill level 1 in Short Blades
  4653 | D:4      | Found a glowing golden altar of the Shining One.
  4653 | D:4      | Found a shimmering blue altar of Sif Muna.
  4661 | D:4      | Found a faded altar of an unknown god.
  4663 | D:4      | Found a faded altar of an unknown god.
  4665 | D:4      | Found a bloodstained altar of Trog.
  4732 | D:4      | Found Hupir's Distillery.
  5257 | D:5      | Entered Level 5 of the Dungeon
  5515 | D:5      | Found a staircase to the Ecumenical Temple.
  5525 | Temple   | Entered the Ecumenical Temple
  5584 | Temple   | Became a worshipper of Cheibriados the Contemplative
  5802 | D:4      | Gained mutation: You occasionally shout uncontrollably at
                  | your foes. [potion of mutation]
  6331 | D:5      | Reached XP level 8. HP: 65/65 MP: 8/8
  6837 | D:5      | Noticed Eustachio
  6862 | D:5      | Found a blossoming altar of Fedhas.
  6882 | D:5      | Reached skill level 1 in Long Blades
  6882 | D:5      | Reached skill level 8 in Ranged Weapons
  6882 | D:5      | Reached * piety under Cheibriados
  7202 | D:5      | Killed Eustachio
  7468 | Temple   | HP: 4/102 [poisoned by an orc wizard]
  7469 | Temple   | HP: 1/102 [poisoned by an orc wizard]
  7470 | Temple   | Succumbed to an orc wizard's poison

Illustrated notes

Levels and vault maps discovered:
D:1:      lightli_arrival_quake, layout_loops_ring
D:2:      layout_basic, shapermc_ecumenical_altar_petra
D:3:      wad_river_or_something, layout_rooms, uniq_crazy_yiuf_cottage,
          uniq_sigmund
D:4:      layout_basic, chequers_temple_overflow_minitemple, serial_shops, shop,
          kennysheep_mini_moat, shop, nicolae_shop_bloodbath_and_beyond,
          kennysheep_big_empty_room
D:5:      layout_cave_pools, mainiacjoe_overflow_boulevard,
          minmay_temple_entry_arrows, uniq_eustachio
Temple:   lightli_temple_of_artemis

Skill      XL: |  1  2  3  4  5  6  7  8 |
---------------+-------------------------+-----
Fighting       | 3 4 5 6 7 |  7.7
Ranged Weapons | 5 6 7 8 |  8.2
Short Blades   | 2 3 |  3.0
Long Blades    | 2 |  2.8
Dodging        | |  2.1
Stealth        | |  0.8

Action                   |  1- 3 |  4- 6 |  7- 9 || total
-------------------------+-------+-------+-------++-------
 Fire: Shortbow          |    84 |   194 |   244 ||   522
 Abil: Hop               |     1 |     4 |    10 ||    15
  Use: Scroll            |       |     9 |     8 ||    17
       Potion            |       |       |     3 ||     3
Armor: Leather armour    |     6 |    41 |    34 ||    81
       Plate armour      |       |       |    88 ||    88
       Skin              |       |       |     6 ||     6
Dodge: Dodged            |    17 |    94 |   140 ||   251
